[Event "42nd Olympiad Baku 2016 Open"]
[Site "Baku"]
[Date "2016.09.03"]
[Round "2.26"]
[White "Chinasamy, Devarajen"]
[Black "Bello, Gassan"]
[Result "1/2-1/2"]
[ECO "B76"]
[WhiteElo "2018"]
[BlackElo "2096"]
[Annotator ""]
[PlyCount "73"]
[EventDate "2016.??.??"]
[EventCountry "AZE"]
[SourceTitle "playchess.com"]
[Source "ChessBase"]
[WhiteTeam "Mauritius"]
[BlackTeam "Syria"]
[WhiteTeamCountry "MRI"]
[BlackTeamCountry "SYR"]
[TimeControl "40/5400+30:1800+30"]

1. e4 {(00:00)} c5 {(00:00)} 2. Nf3 {(00:00)} d6 {(
00:00)} 3. d4 {(00:00)} cxd4 {(00:00)} 4. Nxd4 {(00:01)}
Nf6 {(00:07)} 5. Nc3 {(00:11)} g6 {(00:35)} 6. f3 {
(00:47)} Bg7 {(00:09)} 7. Be3 {(00:13)} O-O {(00:
06)} 8. Qd2 {(00:08)} Nc6 {(00:07)} 9. g4 {(01:30)} Nxd4 {
(02:18)} 10. Bxd4 {(00:16)} Be6 {(00:09)} 11. h3 {(
11:06)} Qa5 {(07:16)} 12. a3 {(10:05)} Rfc8 {(02:01)} 13.
Be2 {(04:43)} Bc4 {(04:58)} 14. Rd1 {(08:23)} Bxe2 {
(02:35)} 15. Qxe2 {(03:44)} a6 {(05:18)} 16. Qf2 {(
04:31)} Nd7 {(00:26)} 17. O-O {(06:04)} Bxd4 {(07:57)} 18.
Qxd4 {(03:48)} Qc5 {(03:41)} 19. Rf2 {(02:50)} Rc6 {
(09:05)} 20. Nd5 {(04:02)} Qxd4 {(02:23)} 21. Rxd4 {
(00:10)} Kf8 {(00:18)} 22. c3 {(03:01)} Rac8 {(04:
51)} 23. Kg2 {(01:15)} Rc4 {(09:38)} 24. Rfd2 {(03:44)}
Rxd4 {(04:16)} 25. cxd4 {(02:24)} e6 {(00:45)} 26. Ne3 {
(01:19)} Nb6 {(01:24)} 27. Kf2 {(01:08)} Ke7 {(03:
18)} 28. Ke2 {(04:43)} h6 {(07:23)} 29. h4 {(00:39)} Rc1 {
(01:01)} 30. Rd1 {(00:12)} Rc8 {(01:55)} 31. Rd2 {(
00:45)} Kd7 {(02:49)} 32. Kd3 {(00:34)} Rc1 {(01:58)} 33.
Rd1 {(00:18)} Rc8 {(01:36)} 34. Rd2 {(00:07)} Rc1 {
(03:07)} 35. Rd1 {(00:06)} Rc8 {(00:55)} 36. Rd2 {(
00:05)} Rc1 {(02:10)} 37. Rd1 {(00:06)} 1/2-1/2

[Event "42nd Olympiad Baku 2016 Open"]
[Site "Baku"]
[Date "2016.09.03"]
[Round "2.2"]
[White "Choukri, Adel"]
[Black "Flanagan, Mark"]
[Result "1-0"]
[ECO "D10"]
[WhiteElo "2269"]
[BlackElo "1768"]
[Annotator ""]
[PlyCount "53"]
[EventDate "2016.??.??"]
[EventCountry "AZE"]
[SourceTitle "playchess.com"]
[Source "ChessBase"]
[WhiteTeam "Morocco"]
[BlackTeam "Bermuda"]
[WhiteTeamCountry "MAR"]
[BlackTeamCountry "BER"]
[TimeControl "40/5400+30:1800+30"]

1. d4 {(00:00)} d5 {(00:00)} 2. c4 {(00:00)} c6 {(
00:00)} 3. e3 {(00:00)} Nf6 {(00:19)} 4. Nc3 {(00:03)} a6
{(00:58)} 5. Nf3 {(00:55)} b5 {(02:18)} 6. cxd5 {(
00:38)} cxd5 {(00:30)} 7. Bd3 {(01:37)} Bg4 {(00:58)} 8.
Bd2 {(03:01)} e6 {(01:50)} 9. O-O {(00:51)} Nc6 {(
03:17)} 10. Rc1 {(02:12)} Na7 {(25:37)} 11. a4 {(07:10)}
b4 {(05:52)} 12. Ne2 {(01:07)} Bxf3 {(00:49)} 13. gxf3 {
(00:02)} a5 {(00:22)} 14. e4 {(05:14)} Be7 {(01:55]
} 15. e5 {(01:15)} Nd7 {(07:19)} 16. Kh1 {(03:19)} Rc8 {
(01:40)} 17. Rg1 {(00:52)} g6 {(04:00)} 18. Bh6 {(
00:46)} Nb6 {(13:02)} 19. b3 {(00:22)} Kd7 {(01:04)} 20.
Qd2 {(01:49)} Rxc1 {(03:54)} 21. Rxc1 {(01:15)} Bf8 {
(07:26)} 22. Qf4 {(04:50)} Bxh6 {(01:31)} 23. Qxf7+ {
(04:10)} Qe7 {(00:21)} 24. Rc7+ {(00:06)} Kxc7 {(
00:08)} 25. Qxe7+ {(00:06)} Nd7 {(04:35)} 26. Qxe6 {(00:
22)} Rf8 {(00:07)} 27. Qd6+ {(00:10)} 1-0

[Event "42nd Olympiad Baku 2016 Open"]
[Site "Baku"]
[Date "2016.09.03"]
[Round "2.7"]
[White "Chunguane, Ilidio Alberto"]
[Black "Iclicki, Willy"]
[Result "1-0"]
[ECO "D43"]
[WhiteElo "2034"]
[BlackElo "1963"]
[Annotator ""]
[PlyCount "93"]
[EventDate "2016.??.??"]
[EventCountry "AZE"]
[SourceTitle "playchess.com"]
[Source "ChessBase"]
[WhiteTeam "Mozambique"]
[BlackTeam "Liechtenstein"]
[WhiteTeamCountry "MOZ"]
[BlackTeamCountry "LIE"]
[TimeControl "40/5400+30:1800+30"]

1. d4 {(00:00)} d5 {(00:00)} 2. c4 {(00:00)} c6 {(
00:09)} 3. Nc3 {(00:20)} Nf6 {(00:18)} 4. Nf3 {(02:11)} e6
{(00:54)} 5. c5 {(00:58)} b6 {(10:51)} 6. cxb6 {(
00:46)} axb6 {(00:27)} 7. Bg5 {(01:15)} Be7 {(00:35)} 8.
e3 {(00:49)} O-O {(00:44)} 9. Be2 {(00:47)} Nbd7 {(
03:17)} 10. O-O {(01:02)} c5 {(09:45)} 11. Nb5 {(03:41)}
Ba6 {(08:45)} 12. a4 {(13:16)} h6 {(08:41)} 13. Bf4 {
(04:54)} Bxb5 {(00:30)} 14. Bxb5 {(00:12)} Ne4 {(
09:26)} 15. Ne5 {(08:07)} Nxe5 {(03:22)} 16. Bxe5 {(00:32]
} Bf6 {(17:49)} 17. f4 {(18:22)} c4 {(01:04)} 18. Rc1 {
(00:58)} Nd6 {(01:22)} 19. Bxd6 {(02:36)} Qxd6 {(
00:07)} 20. b3 {(00:15)} cxb3 {(03:07)} 21. Qxb3 {(01:28)}
Rfc8 {(00:49)} 22. Rc3 {(02:34)} Rc7 {(04:47)} 23. Rfc1 {
(10:03)} Rac8 {(02:08)} 24. Rxc7 {(04:19)} Rxc7 {(
00:16)} 25. Rb1 {(01:17)} g5 {(03:44)} 26. g3 {(00:47)}
Be7 {(03:28)} 27. Bd3 {(11:23)} Qa3 {(03:06)} 28. Qxa3 {
(01:28)} Bxa3 {(00:02)} 29. Rxb6 {(02:16)} Rc3 {(
01:05)} 30. a5 {(01:47)} Bc1 {(01:16)} 31. a6 {(06:12)}
Bxe3+ {(00:31)} 32. Kf1 {(00:03)} Bxd4 {(00:25)} 33. a7 {
(00:43)} Ra3 {(02:36)} 34. Rb8+ {(00:23)} Kg7 {(00:
00)} 35. a8=Q {(00:43)} Rxa8 {(00:06)} 36. Rxa8 {(00:14)}
gxf4 {(00:17)} 37. gxf4 {(00:26)} Be3 {(00:16)} 38. f5 {
(01:09)} Kf6 {(00:44)} 39. fxe6 {(00:32)} fxe6 {(
00:05)} 40. Ke2 {(00:00)} Bg5 {(00:00)} 41. Ra6 {(03:42)}
Ke5 {(01:27)} 42. Bh7 {(00:46)} Be7 {(01:03)} 43. Bg8 {
(03:25)} Bd6 {(01:26)} 44. h3 {(01:31)} h5 {(00:51]
} 45. Kd3 {(00:08)} h4 {(01:12)} 46. Rb6 {(03:10)} d4 {
(12:46)} 47. Ra6 {(02:56)} 1-0

[Event "42nd Olympiad Baku 2016 Open"]
[Site "Baku"]
[Date "2016.09.03"]
[Round "2.19"]
[White "Cofre Archibold, Nestor"]
[Black "Darwish, Hashim"]
[Result "1/2-1/2"]
[ECO "C47"]
[WhiteElo "2255"]
[BlackElo "1766"]
[Annotator ""]
[PlyCount "167"]
[EventDate "2016.??.??"]
[EventCountry "AZE"]
[SourceTitle "playchess.com"]
[Source "ChessBase"]
[WhiteTeam "Mexico"]
[BlackTeam "Brunei"]
[WhiteTeamCountry "MEX"]
[BlackTeamCountry "BRN"]
[TimeControl "40/5400+30:1800+30"]

1. e4 {(00:00)} e5 {(00:45)} 2. Nf3 {(00:00)} Nf6 {
(01:08)} 3. Nc3 {(00:36)} Nc6 {(00:10)} 4. d4 {(00:
10)} exd4 {(03:42)} 5. Nxd4 {(00:08)} Bc5 {(00:09)} 6. Be3
{(02:06)} Nxd4 {(05:01)} 7. Bxd4 {(00:08)} Bb4 {(
02:00)} 8. Qf3 {(12:55)} d6 {(05:09)} 9. Bd3 {(04:06)} Be6
{(04:00)} 10. O-O {(04:01)} O-O {(01:11)} 11. Nd5 {
(09:15)} Bxd5 {(02:04)} 12. exd5 {(00:10)} Bc5 {(
03:12)} 13. Bc3 {(05:17)} Nd7 {(01:47)} 14. Rae1 {(07:51)}
Qg5 {(09:44)} 15. Qh3 {(00:24)} f5 {(01:09)} 16. Re6 {
(01:30)} Rf7 {(03:26)} 17. Kh1 {(01:28)} Qg4 {(02:
10)} 18. Qg3 {(25:30)} Qxg3 {(06:40)} 19. hxg3 {(04:39)}
Nb6 {(07:14)} 20. b4 {(02:52)} Nxd5 {(00:12)} 21. bxc5 {
(00:06)} Nxc3 {(00:08)} 22. cxd6 {(00:09)} cxd6 {(
01:05)} 23. Rxd6 {(00:37)} Kf8 {(01:20)} 24. Rd4 {(03:12)}
Rc8 {(01:29)} 25. a4 {(01:13)} g6 {(01:28)} 26. f3 {
(03:53)} Kg7 {(03:23)} 27. Re1 {(00:25)} Rc5 {(07:
08)} 28. Bc4 {(03:16)} Rfc7 {(00:13)} 29. Bb3 {(00:04)} a6
{(01:36)} 30. Re8 {(00:51)} R5c6 {(07:22)} 31. Rg8+ {
(01:20)} Kf6 {(00:09)} 32. Rf8+ {(03:06)} Kg7 {(00:
06)} 33. Rdd8 {(00:05)} b5 {(03:45)} 34. Rg8+ {(00:48)}
Kf6 {(00:07)} 35. axb5 {(02:14)} Nxb5 {(01:56)} 36. Rgf8+
{(00:58)} Kg7 {(00:16)} 37. f4 {(01:48)} Nc3 {(03:
01)} 38. Kh2 {(00:38)} a5 {(00:46)} 39. Ra8 {(00:21)} a4 {
(00:10)} 40. Rg8+ {(00:00)} Kf6 {(00:00)} 41. Rgf8+ {
(01:12)} Kg7 {(00:16)} 42. Rg8+ {(01:41)} Kf6 {(00:
25)} 43. Bxa4 {(19:24)} Nxa4 {(00:27)} 44. Rxa4 {(00:06)}
Rxc2 {(00:32)} 45. Ra6+ {(01:18)} R2c6 {(00:50)} 46. Raa8
{(00:20)} Rf7 {(01:46)} 47. Kh3 {(00:09)} Rd6 {(00:
11)} 48. g4 {(01:10)} fxg4+ {(00:12)} 49. Kxg4 {(00:06)}
Rc6 {(00:23)} 50. Ra5 {(01:10)} Rd6 {(01:47)} 51. Kh4 {
(01:15)} Rg7 {(00:18)} 52. Rf8+ {(00:29)} Rf7 {(00:
05)} 53. Rxf7+ {(01:14)} Kxf7 {(02:03)} 54. Ra7+ {(00:35)}
Kg8 {(00:06)} 55. g4 {(02:03)} h5 {(00:50)} 56. gxh5 {
(04:59)} gxh5 {(00:06)} 57. f5 {(00:11)} Rc6 {(01:
22)} 58. Rb7 {(01:08)} Ra6 {(00:11)} 59. Kg5 {(01:46)} h4
{(00:44)} 60. Rb8+ {(00:40)} Kf7 {(00:17)} 61. Rh8 {
(00:25)} h3 {(00:44)} 62. Rxh3 {(00:10)} Rb6 {(00:
06)} 63. Rh7+ {(00:30)} Kf8 {(00:12)} 64. Rd7 {(00:52)}
Ra6 {(00:08)} 65. Rd8+ {(00:42)} Kf7 {(00:07)} 66. Rc8 {
(00:33)} Rb6 {(00:08)} 67. Rc7+ {(00:10)} Kf8 {(00:
13)} 68. Rd7 {(00:24)} Ra6 {(00:09)} 69. Kf4 {(00:05)} Rb6
{(00:10)} 70. Rd5 {(00:55)} Ra6 {(00:30)} 71. Ke5 {
(00:11)} Kf7 {(00:13)} 72. Rb5 {(00:51)} Rc6 {(00:
12)} 73. Rb7+ {(00:33)} Kf8 {(00:07)} 74. Kf4 {(00:52)}
Ra6 {(00:20)} 75. Kg5 {(00:10)} Rc6 {(00:09)} 76. Ra7 {
(00:54)} Rb6 {(00:06)} 77. Kh5 {(00:24)} Rc6 {(00:
09)} 78. Ra5 {(00:37)} Kf7 {(00:10)} 79. Kg5 {(00:08)} Kf8
{(00:10)} 80. Re5 {(00:53)} Kf7 {(00:15)} 81. Rd5 {
(00:20)} Kf8 {(00:10)} 82. Rb5 {(00:12)} Kf7 {(00:
11)} 83. f6 {(00:10)} Rc1 {(00:32)} 84. Rb7+ {(01:05)}
1/2-1/2

[Event "42nd Olympiad Baku 2016 Open"]
[Site "Baku"]
[Date "2016.09.03"]
[Round "2.14"]
[White "Colindres, Daniel"]
[Black "Hlophe Smilo"]
[Result "1-0"]
[ECO "C42"]
[WhiteElo "2166"]
[BlackElo "1592"]
[Annotator ""]
[PlyCount "45"]
[EventDate "2016.??.??"]
[EventCountry "AZE"]
[SourceTitle "playchess.com"]
[Source "ChessBase"]
[WhiteTeam "Honduras"]
[BlackTeam "SWZ"]
[WhiteTeamCountry "HON"]
[TimeControl "40/5400+30:1800+30"]

1. e4 {(00:00)} e5 {(00:00)} 2. Nf3 {(00:00)} Nf6 {
(00:00)} 3. Nxe5 {(00:00)} Qe7 {(00:11)} 4. Nf3 {(
01:15)} Nxe4 {(00:11)} 5. Be2 {(00:04)} d5 {(00:11)} 6.
O-O {(01:34)} Nd7 {(00:23)} 7. d3 {(01:29)} Nd6 {(
02:06)} 8. Re1 {(00:10)} Qd8 {(00:21)} 9. Nc3 {(02:47)}
Nf6 {(00:12)} 10. Bg5 {(00:29)} Be7 {(00:09)} 11. Bxf6 {
(00:55)} Bxf6 {(00:15)} 12. Nxd5 {(00:03)} Bxb2 {(
00:15)} 13. Bf1+ {(00:11)} Be6 {(00:23)} 14. Rb1 {(00:37)}
Bf6 {(00:47)} 15. Nf4 {(00:30)} Qd7 {(00:52)} 16. Qe2 {
(02:20)} Bc3 {(00:57)} 17. Nxe6 Ke7 {(04:22)} 18. Nc5+ {
(00:21)} Qe6 {(27:12)} 19. Nxe6 {(00:06)} fxe6 {(
19:47)} 20. Qxe6+ {(00:07)} Kd8 {(00:36)} 21. Ne5 {(00:21]
} Bxe5 {(00:15)} 22. Rxe5 {(01:03)} Re8 {(12:07)} 23. Qd5
{(00:14)} 1-0

[Event "42nd Olympiad Baku 2016 Open"]
[Site "Baku"]
[Date "2016.09.03"]
[Round "2.36"]
[White "Conhoff, David"]
[Black "Aguiar, Cristiano"]
[Result "0-1"]
[ECO "D02"]
[WhiteElo "2531"]
[BlackElo "2208"]
[Annotator ""]
[PlyCount "62"]
[EventDate "2016.??.??"]
[EventCountry "AZE"]
[SourceTitle "playchess.com"]
[Source "ChessBase"]
[WhiteTeam "ISV"]
[BlackTeam "ANG"]
[WhiteTeamCountry "AUS"]
[BlackTeamCountry "ANG"]
[TimeControl "40/5400+30:1800+30"]

1. d4 {(00:00)} Nf6 {(00:00)} 2. Nf3 {(00:00)} d5 {
(00:00)} 3. Bf4 {(00:00)} e6 {(00:54)} 4. e3 {(00:
10)} c5 {(00:28)} 5. c3 {(00:16)} Qb6 {(00:17)} 6. Qd2 {
(01:11)} Bd7 {(01:30)} 7. Bd3 {(00:13)} c4 {(02:05]
} 8. Bc2 {(00:29)} Qxb2 {(00:32)} 9. O-O {(00:29)} Qxa1 {
(01:26)} 10. Qe2 {(03:46)} Qxa2 {(01:50)} 11. Ne5 {
(00:28)} Bb5 {(01:43)} 12. Bg5 {(10:23)} Qa5 {(01:
15)} 13. Qe1 {(05:01)} Ne4 {(04:36)} 14. Bxe4 {(03:12)}
dxe4 {(00:09)} 15. Nd2 {(01:57)} f6 {(00:46)} 16. Bxf6
gxf6 17. Ng4 {(04:52)} Nd7 {(05:08)} 18. Qe2 {(00:36)} f5
{(01:30)} 19. Ne5 {(00:41)} Nxe5 {(00:08)} 20. dxe5 {
(00:08)} O-O-O {(00:24)} 21. Nxc4 {(00:53)} Qa6 {(
00:34)} 22. h3 {(02:45)} Bxc4 {(00:11)} 23. Qh5 {(02:10)}
Bxf1 {(00:15)} 24. Qf7 {(00:45)} Bc5 {(00:40)} 25. c4 {
(01:28)} Qxc4 {(00:12)} 26. Kh1 {(01:03)} Bxg2+ {(
00:29)} 27. Kxg2 {(02:06)} Rhg8+ {(00:11)} 28. Kh2 {(00:
12)} Qf1 {(00:14)} 29. Qxe6+ {(01:00)} Kb8 {(00:10)} 30.
Qxg8 {(01:36)} Rxg8 {(00:09)} 31. h4 {(01:02)} Qg2# 0-1

[Event "42nd Olympiad Baku 2016 Open"]
[Site "Baku"]
[Date "2016.09.03"]
[Round "2.26"]
[White "Croes, Octavio"]
[Black "Mandizha, Farai"]
[Result "0-1"]
[ECO "E10"]
[WhiteElo "1861"]
[BlackElo "2357"]
[Annotator ""]
[PlyCount "42"]
[EventDate "2016.??.??"]
[EventCountry "AZE"]
[SourceTitle "playchess.com"]
[Source "ChessBase"]
[WhiteTeam "ARU"]
[BlackTeam "Zimbabwe"]
[BlackTeamCountry "ZIM"]
[TimeControl "40/5400+30:1800+30"]

1. d4 {(00:00)} Nf6 {(00:00)} 2. c4 {(00:00)} e6 {(
04:12)} 3. Nf3 {(00:01)} c5 {(00:02)} 4. e3 {(01:24)} d5 {
(00:14)} 5. Nc3 {(00:28)} Nc6 {(03:48)} 6. Bd3 {(
02:10)} dxc4 {(00:43)} 7. Bxc4 {(00:12)} a6 {(00:23)} 8.
a4 {(03:05)} Be7 {(02:44)} 9. O-O {(00:17)} O-O {(
00:32)} 10. b3 {(04:53)} cxd4 {(00:33)} 11. exd4 {(06:19)}
Qa5 {(00:28)} 12. Bb2 {(00:52)} Rd8 {(00:21)} 13. Bd3 {
(07:37)} Nb4 {(01:50)} 14. Ba3 {(10:37)} Bd7 {(01:
36)} 15. Ne5 {(09:54)} Rac8 {(00:38)} 16. Ne4 {(03:46)}
Be8 {(03:54)} 17. Nxf6+ {(07:01)} Bxf6 {(00:51)} 18. Qd2 {
(00:43)} Nc6 {(00:47)} 19. Qxa5 {(19:14)} Nxa5 {(
00:24)} 20. Rfd1 {(06:12)} Nxb3 {(02:22)} 21. Rab1 {(00:
17)} Bxa4 {(00:38)} 0-1

[Event "42nd Olympiad Baku 2016 Open"]
[Site "Baku"]
[Date "2016.09.03"]
[Round "2.29"]
[White "Cu Hor, Winston Darwin"]
[Black "Drayton, Anthony"]
[Result "1-0"]
[ECO "A06"]
[WhiteElo "2318"]
[BlackElo "1923"]
[Annotator ""]
[PlyCount "87"]
[EventDate "2016.??.??"]
[EventCountry "AZE"]
[SourceTitle "playchess.com"]
[Source "ChessBase"]
[WhiteTeam "Guatemala"]
[BlackTeam "Guyana"]
[WhiteTeamCountry "GUA"]
[BlackTeamCountry "GUY"]
[TimeControl "40/5400+30:1800+30"]

1. Nf3 {(00:24)} d5 {(00:00)} 2. c4 {(00:55)} c6 {(
00:00)} 3. g3 {(00:05)} Nf6 {(00:20)} 4. Bg2 {(00:07)} Bf5
{(00:19)} 5. O-O {(02:34)} e6 {(00:11)} 6. b3 {(00:
09)} h6 {(00:16)} 7. Bb2 {(00:38)} Be7 {(00:15)} 8. d3 {
(01:01)} Nbd7 {(00:27)} 9. Nbd2 {(02:05)} Bh7 {(00:
24)} 10. Rc1 {(02:57)} O-O {(00:51)} 11. a3 {(03:29)} a5 {
(02:11)} 12. Qc2 {(00:45)} Re8 {(00:35)} 13. Rfd1 {
(01:41)} Rc8 {(02:02)} 14. e4 {(01:54)} Qb6 {(09:
41)} 15. Qc3 {(10:20)} Bf8 {(02:33)} 16. e5 {(10:30)} Ng4
{(08:43)} 17. d4 {(06:26)} h5 {(06:01)} 18. Ng5 {(
06:16)} c5 {(00:23)} 19. Qf3 {(03:53)} Bg6 {(00:48)} 20.
cxd5 {(00:31)} cxd4 {(01:58)} 21. dxe6 {(01:29)} Ndxe5 {
(00:57)} 22. exf7+ {(02:34)} Bxf7 {(00:31)} 23. Qe4 {
(06:14)} Nf6 {(05:40)} 24. Qxb7 {(01:00)} Qxb7 {(
01:18)} 25. Bxb7 {(00:06)} Rxc1 {(00:16)} 26. Bxc1 {(00:
56)} Nd3 {(01:56)} 27. Nxf7 {(02:02)} Kxf7 {(00:32)} 28.
Nc4 {(03:56)} Nxc1 {(00:37)} 29. Rxc1 {(00:12)} Rb8 {
(00:12)} 30. Nxa5 {(04:13)} Bxa3 {(00:35)} 31. Rd1 {
(02:47)} Bb2 {(03:44)} 32. Nc6 {(01:40)} Re8 {(00:
33)} 33. Ba6 {(00:17)} Kf8 {(01:24)} 34. Nxd4 {(01:50)}
Bc3 {(02:54)} 35. Kg2 {(00:35)} Ne4 {(02:21)} 36. Bc4 {
(01:45)} Nc5 {(02:16)} 37. Nb5 {(01:26)} Bb4 {(00:
30)} 38. Rd5 {(00:30)} g6 {(00:30)} 39. Rd6 {(00:30)} Kg7
{(00:30)} 40. Nc7 {(00:30)} Rc8 {(00:30)} 41. Nd5 {
(30:30)} Ba3 {(07:56)} 42. Nf4 {(00:00)} g5 {(05:
46)} 43. Rg6+ {(00:00)} Kh7 {(01:37)} 44. Rxg5 1-0

[Event "42nd Olympiad Baku 2016 Open"]
[Site "Baku"]
[Date "2016.09.03"]
[Round "2.3"]
[White "Dacres, Don"]
[Black "Aithmidou, Mohamed-Mehdi"]
[Result "0-1"]
[ECO "E20"]
[WhiteElo "1713"]
[BlackElo "2229"]
[Annotator ""]
[PlyCount "62"]
[EventDate "2016.??.??"]
[EventCountry "AZE"]
[SourceTitle "playchess.com"]
[Source "ChessBase"]
[WhiteTeam "Bermuda"]
[BlackTeam "Morocco"]
[WhiteTeamCountry "BER"]
[BlackTeamCountry "MAR"]
[TimeControl "40/5400+30:1800+30"]

1. d4 {(00:00)} Nf6 {(00:23)} 2. c4 {(00:00)} e6 {(
00:17)} 3. Nc3 Bb4 4. Bd2 {(02:08)} b6 {(03:40)} 5. a3 {(
00:36)} Bxc3 {(00:21)} 6. Bxc3 {(00:39)} Bb7 {(00:41)} 7.
f3 {(00:20)} d5 {(00:26)} 8. e3 {(00:25)} Nbd7 {(
02:37)} 9. Nh3 {(03:01)} Qe7 {(01:11)} 10. Be2 {(00:42)}
e5 {(09:28)} 11. O-O {(00:38)} exd4 {(00:37)} 12. exd4 {
(01:11)} O-O-O {(01:29)} 13. Re1 {(01:45)} Qe3+ {(
09:33)} 14. Nf2 {(00:51)} Rhe8 {(01:04)} 15. Bd3 {(01:04)}
Qg5 {(00:10)} 16. Bd2 {(02:02)} Qh4 {(01:03)} 17. g3 {
(02:01)} Qxd4 {(00:23)} 18. Bc3 {(00:51)} Qc5 {(00:
50)} 19. b4 {(00:58)} Qc6 {(03:18)} 20. Bxf6 {(20:17)}
Rxe1+ {(12:51)} 21. Qxe1 {(00:25)} Qxf6 {(00:07)} 22. f4 {
(01:50)} dxc4 {(02:03)} 23. Be4 {(02:11)} Bxe4 {(
00:14)} 24. Nxe4 {(00:23)} Qd4+ {(00:13)} 25. Kg2 {(00:18]
} Nf6 {(03:33)} 26. Nxf6 {(02:35)} Qxf6 {(04:10)} 27. Rc1
{(01:47)} Qb2+ {(02:58)} 28. Kg1 {(04:12)} Qd4+ {(
05:51)} 29. Kh1 {(00:32)} Rd6 {(00:32)} 30. Qe5 {(04:56)}
Qd3 {(04:22)} 31. Rc3 {(01:43)} Qf1# {(00:05)} 0-1

[Event "42nd Olympiad Baku 2016 Open"]
[Site "Baku"]
[Date "2016.09.03"]
[Round "2.9"]
[White "Djukic, Nikola"]
[Black "Ferreira, Jorge Viterbo"]
[Result "1/2-1/2"]
[ECO "B17"]
[WhiteElo "2534"]
[BlackElo "2511"]
[Annotator ""]
[PlyCount "74"]
[EventDate "2016.??.??"]
[EventCountry "AZE"]
[SourceTitle "playchess.com"]
[Source "ChessBase"]
[WhiteTeam "Montenegro"]
[BlackTeam "Portugal"]
[WhiteTeamCountry "MNE"]
[BlackTeamCountry "POR"]
[TimeControl "40/5400+30:1800+30"]

1. e4 {(00:00)} c6 {(00:00)} 2. d4 {(00:00)} d5 {(
00:00)} 3. Nc3 {(00:00)} dxe4 {(00:21)} 4. Nxe4 {(00:00)}
Nd7 {(00:19)} 5. Nf3 {(00:00)} Ngf6 {(00:37)} 6. Nxf6+ {
(00:05)} Nxf6 {(00:10)} 7. c3 {(00:05)} Be6 {(00:
45)} 8. Bd3 {(03:26)} Bg4 {(01:24)} 9. h3 {(09:10)} Bh5 {
(00:22)} 10. Qe2 {(00:53)} e6 {(08:00)} 11. Bd2 {(
16:19)} Qd5 {(05:28)} 12. g4 {(00:49)} Bg6 {(00:26)} 13.
Bc4 {(01:06)} Qe4 {(01:36)} 14. Rg1 {(00:59)} b5 {(
23:45)} 15. Bb3 {(02:13)} Bd6 {(13:39)} 16. Nh4 {(22:56)}
Qxe2+ {(08:35)} 17. Kxe2 {(00:36)} Be4 {(00:16)} 18. Ng2 {
(07:58)} c5 {(08:28)} 19. f3 {(05:40)} Bc6 {(02:47]
} 20. dxc5 {(00:16)} Bxc5 {(00:14)} 21. Be3 {(00:05)} Bxe3
{(02:51)} 22. Nxe3 {(00:07)} Ke7 {(02:06)} 23. Nc2 {
(07:18)} a5 {(07:29)} 24. a3 {(05:25)} Nd7 {(03:35]
} 25. Nd4 {(00:41)} Rhc8 {(00:25)} 26. Rgd1 {(04:19)} Rab8
{(00:36)} 27. Nxc6+ {(05:52)} Rxc6 {(00:07)} 28. Bc2 {
(00:34)} Nb6 {(01:21)} 29. Rd4 {(02:01)} Nc4 {(01:
15)} 30. Rb1 {(01:50)} Rd6 {(05:07)} 31. Bd3 {(02:23)} Ne5
{(01:23)} 32. Rxd6 {(00:51)} Kxd6 {(00:06)} 33. f4 {
(00:32)} Nxd3 {(01:09)} 34. Kxd3 {(00:09)} a4 {(01:
04)} 35. Re1 {(01:21)} Rd8 {(00:57)} 36. Re5 {(01:04)}
Kc6+ {(00:16)} 37. Kc2 {(00:10)} Rd5 {(00:30)} 1/2-1/2

[Event "42nd Olympiad Baku 2016 Open"]
[Site "Baku"]
[Date "2016.09.03"]
[Round "2.34"]
[White "Murtaza Ali"]
[Black "Gebregziabher, Brehane Gebre Mic"]
[Result "1-0"]
[ECO "B07"]
[WhiteElo "2111"]
[BlackElo "1933"]
[Annotator ""]
[PlyCount "61"]
[EventDate "2016.??.??"]
[EventCountry "AZE"]
[SourceTitle "playchess.com"]
[Source "ChessBase"]
[WhiteTeam "Pakistan"]
[BlackTeam "Ethiopia"]
[WhiteTeamCountry "PAK"]
[BlackTeamCountry "ETH"]
[TimeControl "40/5400+30:1800+30"]

1. e4 {(00:00)} d6 {(00:00)} 2. d4 {(00:00)} Nf6 {(
00:00)} 3. Nc3 {(00:02)} g6 {(00:01)} 4. Bg5 {(00:29)} Bg7
{(00:16)} 5. Qd2 {(00:27)} h6 {(00:21)} 6. Bh4 {(
00:25)} g5 {(00:14)} 7. Bg3 {(00:02)} Nh5 {(00:15)} 8.
O-O-O {(01:02)} Nd7 {(02:18)} 9. f3 {(01:12)} Nxg3 {
(02:00)} 10. hxg3 {(00:02)} c5 {(00:10)} 11. Nge2 {
(00:24)} a6 {(03:44)} 12. f4 {(06:43)} g4 {(01:56)}
13. dxc5 {(00:51)} dxc5 {(02:27)} 14. e5 {(00:52)} Qc7 {
(03:12)} 15. Nd5 {(00:51)} Qc6 {(00:19)} 16. Nec3 {
(01:48)} b5 {(00:30)} 17. Qe2 {(12:50)} h5 {(13:23]
} 18. Qe4 {(10:42)} Bb7 {(01:13)} 19. e6 {(01:03)} fxe6 {
(03:48)} 20. Qg6+ {(00:10)} Kf8 {(12:09)} 21. Nxe7 {
(00:55)} Rh6 {(08:52)} 22. Qxh6 {(00:46)} Bxh6 {(
00:02)} 23. Nxc6 {(00:13)} Bxc6 {(00:54)} 24. Rxh5 {(00:
59)} Bg7 {(00:12)} 25. Rd6 {(00:32)} Nf6 {(01:37)} 26.
Rxc5 {(00:57)} Bd5 {(02:47)} 27. Nxd5 {(00:31)} exd5 {
(00:09)} 28. Bd3 {(02:00)} Re8 {(03:11)} 29. Kd1 {(
01:21)} Nh5 {(00:39)} 30. Bg6 {(00:27)} Re3 {(00:43)} 31.
Bxh5 {(00:30)} 1-0

[Event "42nd Olympiad Baku 2016 Open"]
[Site "Baku"]
[Date "2016.09.03"]
[Round "2.21"]
[White "Eichab, Charles"]
[Black "Kongsee, Uaychai"]
[Result "1/2-1/2"]
[ECO "A10"]
[WhiteElo "2070"]
[BlackElo "2285"]
[Annotator ""]
[PlyCount "71"]
[EventDate "2016.??.??"]
[EventCountry "AZE"]
[SourceTitle "playchess.com"]
[Source "ChessBase"]
[WhiteTeam "Namibia"]
[BlackTeam "Thailand"]
[WhiteTeamCountry "NAM"]
[BlackTeamCountry "THA"]
[TimeControl "40/5400+30:1800+30"]

1. c4 {(00:00)} f5 {(00:00)} 2. g3 {(00:00)} Nf6 {(
00:00)} 3. Bg2 {(00:19)} g6 {(00:00)} 4. Nc3 {(00:25)} Bg7
{(00:00)} 5. d3 {(00:16)} O-O {(00:57)} 6. e4 {(00:
59)} d6 {(00:08)} 7. Nge2 {(01:35)} Nc6 {(00:19)} 8. O-O {
(01:28)} e5 {(00:01)} 9. b3 {(07:48)} Be6 {(00:58)}
10. Bd2 {(25:21)} Nh5 {(06:42)} 11. exf5 {(08:27)} Bxf5 {
(02:00)} 12. Be3 {(02:11)} Qd7 {(01:26)} 13. Ne4 {(
10:20)} Bh3 {(08:02)} 14. N2c3 {(10:45)} Nd4 {(03:46)} 15.
Bxd4 {(07:52)} exd4 {(00:28)} 16. Nb1 {(02:15)} Bxg2 {
(09:38)} 17. Kxg2 {(00:05)} c6 {(00:18)} 18. Nbd2 {
(01:19)} d5 {(02:28)} 19. cxd5 {(08:34)} cxd5 {(00:
07)} 20. Nc5 {(00:28)} Qf5 {(01:16)} 21. Nf3 {(03:03)} b6
{(01:13)} 22. Na6 {(00:56)} Rac8 {(01:28)} 23. Nh4 {
(01:26)} Qd7 {(05:18)} 24. a4 {(02:16)} Rc3 {(00:
34)} 25. Ra2 {(01:12)} Bf6 {(04:07)} 26. Nf3 {(02:16)} Qg4
{(00:22)} 27. Kh1 {(00:31)} Be7 {(09:21)} 28. Ne5 {
(01:16)} Qc8 {(01:45)} 29. Qg4 {(00:08)} Qxg4 {(02:
30)} 30. Nxg4 {(00:02)} Rxd3 {(00:25)} 31. b4 {(01:21)}
Bd6 {(02:45)} 32. f4 {(00:32)} g5 {(07:22)} 33. Nf2 {
(00:31)} Re3 {(03:59)} 34. Ng4 {(00:32)} Rxg3 {(03:
56)} 35. Nh6+ {(00:29)} Kg7 {(00:12)} 36. hxg3 1/2-1/2